 Dungeon Crawl Stone Soup version 0.30.0-10-gfe55d96785 (webtiles) character file.

Game seed: 14307286961708441290

16 monsoonserge the Cudgeller (level 3, 31/31 HPs)
             Began as a Meteoran Monk on May 14, 2023.
             Quit the game on level 1 of the Dungeon.
             The game lasted 00:03:16 (485 turns).

monsoonserge the Cudgeller (Meteoran Monk)           Turns: 485, Time: 00:03:16

Health: 31/31      AC:  2    Str: 13    XL:     3   Next: 0%
Magic:  4/4        EV: 14    Int: 11    God:
Gold:   45         SH:  0    Dex: 18    Spells: 2/2 levels left

rFire   . . .        a - +0 mace
rCold   . . .        d - orb {light}
rNeg    . . .        b - +0 robe
rPois   .            (no helmet)
rElec   .            (no cloak)
rCorr   .            (no gloves)
SInv    .            (no boots)
Will    .....        (no amulet)
Stlth   +            (no ring)
HPRegen 0.25/turn    (no ring)
MPRegen 0.09/turn

%: no passive effects
@: glowing
A: sense surroundings 1, otherworldly, glowing, explore regen
a: no special abilities


You were on level 1 of the Dungeon.
You visited 1 branch of the dungeon, and saw 1 of its levels.

You collected 45 gold pieces.

Inventory:

Hand Weapons
 a - a +0 mace (weapon)
Armour
 b - a +0 robe (worn)
 d - an orb of light (worn)
Scrolls
 e - 2 scrolls of blinking {unknown}
 g - a scroll of poison {unknown}
 i - a scroll of identify {unknown}
Potions
 c - a potion of ambrosia
 f - a potion of heal wounds {unknown}
 h - a potion of mutation {unknown}


   Skills:
 + Level 3.6 Fighting
 + Level 4.4 Maces & Flails
 + Level 4.0 Dodging


You had 2 spell levels left.
You didn't know any spells.
Your spell library was empty.

Dungeon Overview and Level Annotations

Branches:
Dungeon (1/15) Zot: 109

Altars:

Shops:
D:1 *


Innate Abilities, Weirdness & Mutations

You passively map a small area around you.
You are easily found by Zot.
You glow in the dark.
You regain HP and MP as you explore.


Message History

The endoplasm is lightly wounded.
The endoplasm hits you but does no damage.
You hit the endoplasm.
The endoplasm is severely wounded.
The endoplasm freezes you.
You are frozen.
You hit the endoplasm.
You kill the endoplasm!
You now have enough gold to buy a potion of curing on this level, or buy a scroll of teleportation on this level.
You can access your shopping list by pressing '$'.
You now have 39 gold pieces (gained 15).
Found 6 gold pieces.
A rat comes into view.
The rat barely misses you.
You barely miss the rat. The rat misses you.
You hit the rat.
The rat is severely wounded.
The rat closely misses you.
You hit the rat.
You kill the rat!
You see here a rat corpse.
You now have 45 gold pieces (gained 6).
Found a robe.
A giant cockroach comes into view.
You hit the giant cockroach.
You kill the giant cockroach!
Your Dodging skill increases to level 4!
You see here a giant cockroach corpse.
A goblin comes into view. It is wielding a +0 club.
The goblin shouts!
Found a stone staircase leading down.
You barely miss the goblin. The goblin hits you with a +0 club.
The goblin hits you but does no damage.
You hit the goblin.
You kill the goblin!
You have reached level 3!
Your experience leads to an increase in your attributes!
Increase (S)trength, (I)ntelligence, or (D)exterity?
You feel agile. x2; You feel stronger.
Are you sure you want to abandon this character and quit the game? (Confirm with "yes".)

#.#
*#....
........#
#.###..#*
*
###.###..
#...†.#*
** ###
####..# ,
, # #..#
, , ,,,#
#..# , ,
*# #..# *
,* #
#..###>#
*
#.@)...#
, **
#.######
#.. , , ,
, , ####
* * , ,


There were no monsters in sight!

Vanquished Creatures
  A dart slug (D:1)
  3 endoplasms (D:1)
  A giant cockroach (D:1)
  2 goblins (D:1)
  2 kobolds (D:1)
  3 ball pythons (D:1)
  A rat (D:1)
13 creatures vanquished.

Notes
Turn   | Place    | Note
-------+----------+-------------------------------------------
     0 | D:1      | monsoonserge the Meteoran Monk began the quest for the Orb.
     0 | D:1      | Reached XP level 1. HP: 19/19 MP: 2/2
    76 | D:1      | Found Asim's General Store.
   157 | D:1      | Reached XP level 2. HP: 26/26 MP: 3/3
   485 | D:1      | Reached XP level 3. HP: 31/31 MP: 4/4
   485 | D:1      | Quit the game

Illustrated notes

Levels and vault maps discovered:
D:1:      wheals_arrival_linesprint, layout_loops_ring, serial_shops, shop

Skill      XL: |  1  2 |
---------------+-------+-----
Dodging        | 4 |  4.0
Fighting       | |  3.6
Maces & Flails | |  4.4

Action                     || total
---------------------------++-------
  Melee: Mace              ||    27
 Armour: Robe              ||     6
  Dodge: Dodged            ||    12
